 Dungeon Crawl Stone Soup version 0.30-b1-2-g02819fbbbe (webtiles) character file.

Game seed: 16182124146582636706

928 Flugkiller the Trooper (level 8, -8/52 HPs)
             Began as a Gargoyle Fighter on May 13, 2023.
             Killed from afar by an orc wizard (9 damage)
             ... with a puff of flame
             ... on level 5 of the Dungeon.
             The game lasted 00:03:28 (3439 turns).

Flugkiller the Trooper (Gargoyle Fighter)           Turns: 3439, Time: 00:03:28

Health: -8/52      AC: 12    Str: 22    XL:     8   Next: 11%
Magic:  8/8        EV:  9    Int:  9    God:
Gold:   276        SH:  5    Dex: 15    Spells: 7/7 levels left

rFire   . . .        p - +1 war axe (vamp)
rCold   . . .        c - +0 buckler
rNeg    + . .        b - +0 scale mail
rPois   ∞            (no helmet)
rElec   +            (no cloak)
rCorr   .            g - +2 pair of gloves
SInv    .            (no boots)
Will    .....        (no amulet) Stlth
                     k - +6 ring of dexterity
HPRegen 0.28/turn    (no ring)
MPRegen 0.11/turn

%: no passive effects
@: mighty, corroded
A: sickness immunity, AC +5, negative energy resistance 1, electricity
resistance, torment resistance 1, petrification resistance
a: no special abilities


You were on level 5 of the Dungeon.
You visited 1 branch of the dungeon, and saw 5 of its levels.

You collected 276 gold pieces.

Inventory:

Hand Weapons
 a - a +0 war axe
 p - a +1 vampiric war axe (weapon)
   (You took it off Blork the orc on level 5 of the Dungeon)
Missiles
 o - 7 boomerangs (quivered)
Armour
 b - a +0 scale mail (worn)
 c - a +0 buckler (worn)
 g - a +2 pair of gloves (worn)
   (You found it on level 1 of the Dungeon)
Jewellery
 k - a +6 ring of dexterity (left hand)
   (You found it on level 1 of the Dungeon)
Wands
 m - a wand of flame (35)
   (You found it on level 1 of the Dungeon)
Scrolls
 e - a scroll of summoning
 j - 2 scrolls of vulnerability {unknown}
 l - a scroll of immolation {unknown}
 n - 2 scrolls of magic mapping
 t - 2 scrolls of teleportation
Potions
 d - 2 potions of might
 f - 2 potions of mutation
 h - 2 potions of heal wounds {unknown}
 i - a potion of degeneration {unknown}
 q - 5 potions of curing


   Skills:
 * Level 6.4 Fighting
 * Level 4.9 Axes
 + Level 5.0 Armour
 + Level 5.1 Shields
 + Level 1.5 Evocations


You had 7 spell levels left.
You didn't know any spells.
Your spell library contained the following spells:

 Spells                   Type           Power      Damage    Failure   Level
 Shock                    Conj/Air       0%         1d3       77%         1
 Ensorcelled Hibernation  Hex/Ice        0%         N/A       88%         2
 Spider Form              Tmut/Pois      0%         N/A       98%         3
 Swiftness                Air            0%         N/A       98%         3
 Airstrike                Air            0%         2d(0-16)  100%        4
 Anguish                  Hex/Necr       0%         N/A       100%        4
 Summon Lightning Spire   Summ/Air       0%         N/A       100%        4
 Monstrous Menagerie      Summ           0%         N/A       100%        7
 Dragon's Call            Summ           0%         N/A       100%        9


Dungeon Overview and Level Annotations

Branches:
Dungeon (5/15) Zot: 26073
 Temple: D:4-7

Altars:
Dithmenos
Makhleb
Qazlal
Ru
Trog
Wu Jian

Shops:
D:4 =


Innate Abilities, Weirdness & Mutations

You are immune to sickness and miasma.
Your stone body is resilient. (AC +5)
You are immune to poison.
You resist negative energy. (rN+)
You are resistant to electric shocks. (rElec)
You are resistant to unholy torment.
You are immune to petrification.


Message History

You pick up a book of Dreams and begin reading...
You add the spells Ensorcelled Hibernation, Spider Form and Anguish to your library.
j - 2 scrolls labelled MODIQO RYOSAETZ (gained 1)
You open the door.
An acid dragon and a hound come into view.
The acid dragon roars!
The hound barks!
Found a scroll of magic mapping.
You hit the hound.
The hound is lightly wounded.
The hound closely misses you. x2
You barely miss the hound.
The hound is lightly wounded.
The hound bites you. The hound bites you but does no damage.
You hit the hound.
You feel better.
The hound is heavily wounded.
The hound bites you but does no damage. The hound bites you.
You miss the hound.
The hound is heavily wounded.
The hound bites you but does no damage. You block the hound's attack.
You closely miss the hound.
The hound is heavily wounded.
The hound bites you but does no damage. You block the hound's attack.
You hit the hound.
The hound is heavily wounded.
The hound bites you but does no damage. The hound closely misses you.
You miss the hound.
The hound is heavily wounded.
The hound barely misses you.
Okay, then.
You feel very mighty all of a sudden. You block the hound's attack.
The hound stops to sniff the ground.
The hound bites you.
You closely miss the hound.
The hound is heavily wounded.
The hound bites you but does no damage. You block the hound's attack.
You barely miss the hound.
The hound is heavily wounded.
The hound barely misses you. x2
You closely miss the hound.
The hound is heavily wounded.
You block the hound's attack. The hound bites you but does no damage.
You slash the hound!
You kill the hound!
You slash the acid dragon!
The acid dragon is heavily wounded.
The acid dragon spits acid at you. The splash of acid hits you!
The acid corrodes you!
You hear an angry hiss.
You hear a loud, deep croak!
You hear a shout!
You closely miss the acid dragon.
The acid dragon is heavily wounded.
Something shouts, "Submit, thou cockered knotty-pated urchin!"
The acid dragon spits acid at you. The splash of acid hits you!
Something unseen opens the door.
You block the acid dragon's attack.
The acid dragon claws you but does no damage.
Something unseen opens the door.
You hear a bark!
You are too injured to fight recklessly!
You hit the acid dragon.
You feel better.
The acid dragon is severely wounded.
A hound comes into view.
You block the acid dragon's attack.
The acid dragon claws you but does no damage.
An orc wizard comes into view. It is wielding a +0 dagger.
You closely miss the acid dragon.
The acid dragon is severely wounded.
A bullfrog comes into view.
The acid dragon bites you!
* * * LOW HITPOINT WARNING * * *
The acid dragon claws you but does no damage.
The orc wizard points at you and mumbles some strange words.
You resist with some effort.
A wyvern comes into view.
Unknown command.
Unknown command.
Okay, then.
Unknown command.
Okay, then.
Okay, then.
Okay, then.
You hit the acid dragon.
You feel better.
The acid dragon is severely wounded.
An orc comes into view. It is wielding a +0 dagger.
The acid dragon spits acid at you. The splash of acid hits you!
* * * LOW HITPOINT WARNING * * *
A white imp comes into view.
A scorpion comes into view.
The bullfrog hits you but does no damage.
The white imp shouts, "Give in, thou mewling folly-fallen codpiece!"
The acid dragon closely misses you.
The acid dragon claws you but does no damage.
The orc shouts!
Unknown command.
Unknown command.
The bullfrog attacks as you move away!
The bullfrog hits you but does no damage.
The orc wizard points at you and mumbles some strange words.
The puff of flame hits you!
You die...

#........########......
#...............##.##..
#.####.....####.######.
#.#?.##...## #.# ##.
#.#...##.## .#.# ##.. #
#.##...#.# ..##.# ##... #
#..##.D#.#'.##..###.... ##
##...###Fh5###...##..... .#
#......@o8........##....
.##
#....###...###.....#....
..# ##...## s#.#+
##..#...... ..# ##...##
o#.# ##....##.. ..##
##..#.# .##.## #..####..
...# #..##.# ##...## #.##
##.
...####.###.####.....####.#
## ........#
#...............# #
....##### #...........#####
#


You could see a bullfrog, a hound, an orc wizard and a white imp.

Vanquished Creatures
  A water moccasin (D:5)
  An ogre (D:5)
  2 black bears (D:4)
  Blork the orc (D:5)
  A scorpion (D:5)
  5 hounds
  A jelly (D:4)
  A sleepcap (D:5)
  Ijyb (D:4)
  2 iguanas (D:5)
  7 adders
  A worm (D:3)
  4 orcs
  9 ball pythons
  3 bats
  8 endoplasms
  3 giant cockroaches
  12 goblins
  4 hobgoblins
  4 jackals
  9 kobolds
  7 quokkas
  2 frilled lizards
  2 rats
91 creatures vanquished.

Vanquished Creatures (others)
  An orc wizard (D:5)
1 creature vanquished.

Grand Total: 92 creatures vanquished

Notes
Turn   | Place    | Note
-------+----------+-------------------------------------------
     0 | D:1      | Flugkiller the Gargoyle Fighter began the quest for the
                  | Orb.
     0 | D:1      | Reached XP level 1. HP: 14/14 MP: 1/1
    66 | D:1      | Reached XP level 2. HP: 11/19 MP: 2/2
   127 | D:1      | Got Sif Muna's Cyclopedia of Adjuration
   423 | D:1      | Reached XP level 3. HP: 24/24 MP: 3/3
   961 | D:2      | Reached skill level 4 in Fighting
   961 | D:2      | Reached XP level 4. HP: 24/29 MP: 4/4
  1506 | D:3      | Found a faded altar of an unknown god.
  1615 | D:3      | Found a sacrificial altar of Ru.
  1638 | D:3      | Reached XP level 5. HP: 33/34 MP: 5/5
  1988 | D:4      | Noticed a black bear
  2011 | D:4      | Killed a black bear
  2012 | D:4      | Reached skill level 5 in Fighting
  2012 | D:4      | Reached XP level 6. HP: 31/40 MP: 6/6
  2080 | D:4      | Found Ycro's Jewellery Boutique.
  2103 | D:4      | Found a stormy altar of Qazlal.
  2117 | D:4      | Found a shadowy altar of Dithmenos.
  2122 | D:4      | Noticed a black bear
  2133 | D:4      | Killed a black bear
  2206 | D:4      | Noticed Ijyb
  2219 | D:4      | Killed Ijyb
  2321 | D:4      | Reached XP level 7. HP: 35/44 MP: 7/7
  2433 | D:4      | Found a burning altar of Makhleb.
  2543 | D:5      | Entered Level 5 of the Dungeon
  3144 | D:5      | Reached skill level 6 in Fighting
  3144 | D:5      | Reached skill level 1 in Evocations
  3252 | D:5      | Noticed Blork the orc
  3256 | D:5      | Reached skill level 5 in Shields
  3263 | D:5      | Killed Blork the orc
  3264 | D:5      | Reached skill level 5 in Armour
  3264 | D:5      | Reached XP level 8. HP: 40/52 MP: 8/8
  3293 | D:5      | Found an ornate altar of the Wu Jian Council.
  3293 | D:5      | Found a bloodstained altar of Trog.
  3437 | D:5      | Noticed a wyvern
  3438 | D:5      | HP: 1/52 [acid dragon/splash of acid (14)]
  3439 | D:5      | Killed from afar by an orc wizard

Illustrated notes

Levels and vault maps discovered:
D:1:      lemuel_arrival_hallway, layout_loops_ring, dk_noncrumbling_3,
          corexii_item_surrounded_by_moat, minmay_tromino_i4
D:2:      layout_basic, dk_vineyard_3
D:3:      layout_rooms, mainiacjoe_overflow_tiny_flanked,
          shapermc_ecumenical_altar_totnotflames, st_stairs_2
D:4:      kennysheep_the_goblin_king, layout_rooms,
          lemuel_coloured_pillars_altar, nicolae_overflow_squiral, serial_shops,
          shop
D:5:      cheibrodos_barr_body, layout_cave_pods,
          grunt_temple_overflow_gold_and_silver,
          gammafunk_temple_overflow_pools, minmay_crystal_room,
          uniq_blork_the_orc

Skill      XL: |  1  2  3  4  5  6  7 |
---------------+----------------------+-----
Axes           | 2 3 4 |  4.9
Fighting       | 4 5 6 |  6.4
Armour         | 4 5 |  5.0
Shields        | 4 5 |  5.1
Evocations     | 1 |  1.5

Action                     |  1- 3 |  4- 6 |  7- 9 || total
---------------------------+-------+-------+-------++-------
  Melee: War axe           |    88 |   136 |    96 ||   320
  Evoke: Wand              |       |     2 |     2 ||     4
    Use: Scroll            |       |     6 |       ||     6
         Potion            |       |       |     1 ||     1
 Armour: Scale mail        |    65 |    92 |    54 ||   211
  Dodge: Dodged            |    42 |    57 |    36 ||   135
  Block: Buckler           |    16 |    44 |    28 ||    88
